 Dungeon Crawl Stone Soup version 0.22.0-6-g71bd7aa (webtiles) character file.

3005 harcile the Chopper (level 9, -3/74 HPs)
             Began as a Hill Orc Fire Elementalist on Aug 15, 2018.
             Was an Elder of Makhleb.
             Slain by a killer bee (4 damage)
             ... on level 8 of the Dungeon.
             The game lasted 00:36:43 (8238 turns).

harcile the Chopper (Hill Orc Fire Elementalist)    Turns: 8238, Time: 00:36:46

Health: -3/74      AC:  5    Str: 17    XL:     9   Next: 84%
Magic:  3/15       EV: 12    Int: 18    God:    Makhleb [****..]
Gold:   142        SH:  6    Dex: 11    Spells: 6/16 levels left

rFire    + . .     SeeInvis .   a - +1 flail (protect)
rCold    . . .     Gourm    .   E - +2 buckler of Muttered Phrases {*Slow rPois rF+ Str+6}
rNeg     . . .     Faith    .   l - +0 leather armour
rPois    +         Spirit   .   s - +0 helmet
rElec    .         Reflect  .   (no cloak)
rCorr    .         Harm     .   k - +0 pair of gloves
MR       .....                  (no boots)
Stlth    ++........             (no amulet)
HPRegen  0.22/turn              (no ring)
MPRegen  0.14/turn              (no ring)

@: lethally poisoned (-3 -> -4)
A: no striking features
a: Minor Destruction, Lesser Servant of Makhleb, Major Destruction, Renounce
Religion


You were on level 8 of the Dungeon.
You worshipped Makhleb.
Makhleb was greatly pleased with you.
You were not hungry.

You visited 2 branches of the dungeon, and saw 9 of its levels.
You also visited: Ossuary.

You collected 389 gold pieces.
You spent 247 gold pieces at shops.

Inventory:

Hand Weapons
 a - a +1 flail of protection (weapon)
 b - a +0 war axe
 h - a +0 halberd
 j - a +0 morningstar
Armour
 g - a +0 robe
 k - a +0 pair of gloves (worn)
 l - a +0 leather armour (worn)
 m - a +0 helmet
 s - a +0 helmet (worn)
 C - a +2 shield of protection
 E - the +2 buckler of Muttered Phrases (worn) {*Slow rPois rF+ Str+6}
   (You found it on level 7 of the Dungeon)

   It affects your strength (+6).
   It protects you from fire.
   It protects you from poison.
   It may slow you when you take damage.
Wands
 i - a wand of iceblast (5)
 o - a wand of random effects (13)
 u - a wand of flame (57)
 y - a wand of paralysis (6)
 F - a wand of digging (2)
Scrolls
 d - 3 scrolls of remove curse
 e - 11 scrolls of identify
 f - 8 scrolls of teleportation
 n - a scroll of brand weapon {unknown}
 p - 3 scrolls of enchant armour
 t - a scroll of fear
 v - 3 scrolls of enchant weapon
 w - a scroll of blinking
 z - a scroll of noise {unknown}
Potions
 q - 3 potions of curing
 r - 3 potions of flight
 x - 4 potions of agility
 A - 2 potions of haste {unknown}
 B - 2 potions of resistance
Comestibles
 c - 8 rations
 D - 5 chunks of flesh


   Skills:
 * Level 5.0 Fighting
 * Level 7.3 Axes
 + Level 3.6 Armour
 + Level 3.0 Dodging
 + Level 2.4 Stealth
 * Level 1.8 Shields
 + Level 4.4 Spellcasting
 + Level 5.1 Conjurations
 + Level 6.9 Fire Magic
 * Level 2.6 Invocations


You had 6 spell levels left.
You knew the following spells:

 Your Spells              Type           Power        Failure   Level  Hunger
a - Throw Flame           Conj/Fire      ####..       2%          2    #......
c - Conjure Flame         Conj/Fire      ####....     5%          3    ###....
s - Sticky Flame          Conj/Fire      ####....     19%         4    ####...
z - Flame Tongue          Conj/Fire      ####.        1%          1    None

Your spell library contained the following spells:

 Spells                   Type           Power        Failure   Level  Hunger
 Fireball                 Conj/Fire      ####......   45%         5    ######.
 Inner Flame              Hex/Fire       ###.....     16%         3    ###....


Dungeon Overview and Level Annotations

Branches:
Dungeon (8/15)             Temple (1/1) D:7
   Lair: D:8-11

Altars:
Ashenzari
Cheibriados
Dithmenos
Elyvilon
Fedhas
Gozag
Makhleb
Nemelex Xobeh
Okawaru
Qazlal
Ru
Sif Muna
Trog
Uskayaw
Vehumet
Wu Jian
Yredelemnul
Zin
The Shining One

Shops:
D:6 ?


Message History

Aiming: Flame Tongue (safe; 1% risk of failure)
Press: ? - help, Shift-Dir - straight line, f - killer bee
Aim: a killer bee (moderately wounded)
The flame tongue hits the killer bee.
The killer bee is moderately wounded.
You block the killer bee's attack. The killer bee stings you!
* * * LOW HITPOINT WARNING * * *
The killer bee misses you.
Casting: Flame Tongue (safe; 1% risk of failure)
Confirm with . or Enter, or press ? or * to list all spells.
Aiming: Flame Tongue (safe; 1% risk of failure)
Press: ? - help, Shift-Dir - straight line, f/p - killer bee
Aim: a killer bee (moderately wounded)
The flame tongue hits the killer bee.
The killer bee is heavily wounded.
You feel yourself speed up. The killer bee stings you!
* * * LOW HITPOINT WARNING * * *
The killer bee stings you.
You die...

#.# # ##..# .####...#
........# #......###
#...#....# ###
#...)....##### ##.#
##...........######.##
#........##..Zy@..##
#........###..###.#
#..###...###..# ###
##.## ##...##.## #..#
#......# #.## #....yZ#
...#####...y..#
......##......#
...#............


You could see a killer bee and a water moccasin skeleton.

Vanquished Creatures
  Menkaure (D:4)
  A water moccasin (D:7)
  A phantom (D:5)
  2 sky beasts
  3 orc warriors
  4 ice beasts
  2 ogres
  2 bullfrogs (D:8)
  A water moccasin zombie (Ossuary)
  3 scorpions
  4 killer bees (D:8)
  A howler monkey (D:6)
  A crimson imp (D:3)
  A bullfrog zombie (D:6)
  2 hounds
  3 jellies
  An orc priest (D:4)
  A bullfrog skeleton (D:4)
  5 iguanas
  Natasha (thrice) (D:4)
  3 orc wizards
  4 worker ants
  2 big kobold zombies (Ossuary)
  3 mummies
  Robin (D:4)
  15 adders
  4 gnolls
  A howler monkey skeleton (D:7)
  A shadow imp (D:5)
  6 oozes (D:2)
  An adder skeleton (D:4)
  6 adder zombies (Ossuary)
  A worm (D:5)
  A dart slug (D:4)
  6 leopard geckos
  21 orcs
  3 giant cockroaches
  A gnoll zombie (Ossuary)
  8 hobgoblins
  12 jackals
  15 kobolds
  A quokka (D:5)
  8 bats
  6 frilled lizards
  18 goblins
  2 goblin zombies (D:7)
  5 hobgoblin zombies (Ossuary)
  4 kobold zombies (Ossuary)
  2 orc zombies (Ossuary)
  6 rats
209 creatures vanquished.

Vanquished Creatures (others)
  A centaur (D:6)
  A bullfrog (D:6)
  2 fungi (D:2)
  5 toadstools (D:2)
9 creatures vanquished.

Grand Total: 218 creatures vanquished

Notes
Turn   | Place    | Note
-------+----------+-------------------------------------------
     0 | D:1      | harcile the Hill Orc Fire Elementalist began the quest for the Orb.
     0 | D:1      | Reached XP level 1. HP: 14/14 MP: 3/3
   184 | D:1      | Reached XP level 2. HP: 20/20 MP: 2/4
   699 | D:1      | Reached XP level 3. HP: 26/26 MP: 0/5
  1232 | D:2      | Reached skill level 1 in Axes
  1232 | D:2      | Reached XP level 4. HP: 11/33 MP: 0/7
  1325 | D:2      | Reached XP level 5. HP: 16/38 MP: 4/8
  1730 | D:2      | Found a burning altar of Makhleb.
  1742 | D:2      | Became a worshipper of Makhleb the Destroyer
  2380 | D:4      | Reached * piety under Makhleb
  2380 | D:4      | Reached XP level 6. HP: 26/46 MP: 7/10
  2397 | D:4      | Noticed Menkaure
  2405 | D:4      | Killed Menkaure
  2405 | D:4      | Reached skill level 1 in Fighting
  2405 | D:4      | Reached skill level 2 in Axes
  2405 | D:4      | Reached skill level 1 in Armour
  2827 | D:4      | Noticed Robin
  2836 | D:4      | Killed Robin
  3151 | D:4      | Reached skill level 5 in Fire Magic
  3151 | D:4      | Reached XP level 7. HP: 35/52 MP: 5/11
  3397 | D:4      | Reached skill level 3 in Axes
  3532 | D:4      | Noticed Natasha
  3544 | D:4      | Killed Natasha
  3736 | D:3      | Reached ** piety under Makhleb
  3753 | D:3      | Found a stormy altar of Qazlal.
  4284 | D:4      | Noticed Natasha
  4298 | D:4      | HP: 2/52 [iron imp[Natasha] (2)]
  4299 | D:4      | Killed Natasha
  4632 | D:4      | Noticed Natasha
  4638 | D:4      | Killed Natasha
  4647 | D:5      | Entered Level 5 of the Dungeon
  4917 | D:5      | Reached XP level 8. HP: 59/59 MP: 9/13
  4931 | D:5      | Reached skill level 4 in Axes
  4950 | D:5      | Learned a level 2 spell: Throw Flame
  4954 | D:5      | Learned a level 3 spell: Conjure Flame
  4959 | D:5      | Learned a level 4 spell: Sticky Flame
  5820 | D:5      | Reached skill level 5 in Axes
  6186 | D:6      | Found a blossoming altar of Fedhas.
  6261 | D:6      | Reached XP level 9. HP: 56/70 MP: 5/15
  6318 | D:6      | Found Ykacsa Yxa's Magic Scroll Boutique.
  6326 | D:6      | Bought a scroll of enchant armour for 82 gold pieces
  6326 | D:6      | Bought 2 scrolls of enchant weapon for 165 gold pieces
  6493 | D:7      | Found a staircase to the Ecumenical Temple.
  6604 | D:7      | Found a glowing golden altar of the Shining One.
  6627 | D:7      | Found a deep blue altar of Sif Muna.
  6725 | D:7      | Found a sand-covered staircase.
  6740 | Ossuary  | Entered an ossuary
  6763 | Ossuary  | Reached *** piety under Makhleb
  6891 | Ossuary  | Reached skill level 6 in Axes
  7008 | D:7      | Reached skill level 1 in Shields
  7108 | Temple   | Entered the Ecumenical Temple
  7407 | D:7      | Found a bloodstained altar of Trog.
  7408 | D:7      | Found an opulent altar of Gozag.
  7410 | D:7      | Found a sacrificial altar of Ru.
  7411 | D:7      | Found a white marble altar of Elyvilon.
  7536 | D:7      | Found a shattered altar of Ashenzari.
  7544 | D:7      | Got a pitted buckler
  7561 | D:7      | Identified the +2 buckler of Muttered Phrases {*Slow rPois rF+ Str+6} (You found it on level 7 of the Dungeon)
  7789 | D:8      | Reached skill level 1 in Invocations
  7792 | D:8      | Reached skill level 5 in Conjurations
  7809 | D:8      | Reached skill level 7 in Axes
  7912 | D:8      | Reached **** piety under Makhleb
  8229 | D:8      | Reached skill level 5 in Fighting
  8238 | D:8      | HP: 1/74 [killer bee (8)]
  8238 | D:8      | Slain by a killer bee

Skill      XL: |  1  2  3  4  5  6  7  8  9 |
---------------+----------------------------+-----
Fire Magic     | 4 5 6 |  6.9
Dodging        | 2 3 |  3.0
Spellcasting   | 2 3 4 |  4.4
Axes           | 1 2 3 5 7 |  7.3
Conjurations   | 2 3 4 5 |  5.1
Fighting       | 1 3 5 |  5.0
Armour         | 1 2 3 |  3.6
Stealth        | 2 |  2.4
Shields        | 1 |  1.8
Invocations    | 2 |  2.6

Action                   |  1- 3 |  4- 6 |  7- 9 || total
-------------------------+-------+-------+-------++-------
Melee: Unarmed           |     4 |       |       ||     4
       Hand axe          |    12 |    53 |       ||    65
       Morningstar       |       |    27 |       ||    27
       War axe           |       |       |    86 ||    86
       Flail             |       |       |    57 ||    57
 Cast: Flame Tongue      |    52 |   103 |   292 ||   447
       Sticky Flame      |       |       |     6 ||     6
       Throw Flame       |       |       |     9 ||     9
  Use: Potion            |       |     1 |     7 ||     8
       Scroll            |       |       |     9 ||     9
 Stab: Sleeping          |       |       |     2 ||     2
  Eat: Chunk             |     2 |     7 |    11 ||    20
       Ration            |       |       |     2 ||     2
Armor: Robe              |     5 |     8 |       ||    13
       Leather armour    |       |    29 |    89 ||   118
Dodge: Dodged            |    26 |    95 |   178 ||   299
Block: Shield            |       |       |    25 ||    25
       Buckler           |       |       |    10 ||    10
